 Dungeon Crawl Stone Soup version 0.31.0-32-g396128a36d (webtiles) character file.

Game seed: 7278605048463926871

7 ChadusMaximus the Caller (level 2, -5/19 HPs)
             Began as a Barachi Summoner on Mar 12, 2024.
             Slain by Jessica
             ... wielding a +0 club
              (7 damage)
             ... on level 2 of the Dungeon.
             The game lasted 00:00:34 (781 turns).

ChadusMaximus the Caller (Barachi Summoner)          Turns: 781, Time: 00:00:34

Health: -5/19      AC:  2    Str:  9    XL:     2   Next: 0%
Magic:  3/5        EV: 12    Int: 15    God:
Gold:   66         SH:  0    Dex: 12    Spells: 4/5 levels left

rFire   . . .        c - +0 spear
rCold   . . .        (no shield)
rNeg    . . .        a - +0 robe
rPois   .            (no helmet)
rElec   .            (no cloak)
rCorr   .            (no gloves)
SInv    .            (no boots)
Will    .....        (no amulet)
Stlth   ++           (no ring)
HPRegen 0.23/turn    (no ring)
MPRegen 0.09/turn

%: no passive effects
@: slow
A: amphibious, slowness 1, strong legs 1, +LOS
a: Hop


You were on level 2 of the Dungeon.
You visited 1 branch of the dungeon, and saw 2 of its levels.

You collected 66 gold pieces.

Inventory:

Hand Weapons
 c - a +0 spear (weapon)
Armour
 a - a +0 robe (worn)
Scrolls
 f - a scroll of identify {unknown}
Potions
 b - a potion of magic
 d - a potion of curing {unknown}
 e - a potion of enlightenment {unknown}
 g - a potion of berserk rage {unknown}


   Skills:
 - Level 2.2 Dodging
 - Level 1.8 Stealth
 + Level 2.4 Spellcasting
 * Level 5.1 Summonings


You had 4 spell levels left.
You knew the following spells:

 Your Spells              Type           Power      Damage    Failure   Level
a - Summon Small Mammal   Summ           68%        N/A       2%          1

Your spell library contained the following spells:

 Spells                   Type           Power      Damage    Failure   Level
 Call Imp                 Summ           34%        N/A       3%          2
 Call Canine Familiar     Summ           17%        N/A       8%          3
 Summon Blazeheart Golem  Fire/Summ      9%         N/A       58%         4
 Summon Lightning Spire   Summ/Air       9%         N/A       58%         4


Dungeon Overview and Level Annotations

Branches:
Dungeon (2/15)

Altars:

Annotations:
D:2 Jessica


Innate Abilities, Weirdness & Mutations

You are amphibious.
You cover ground slowly.
You can hop short distances.
You have an extended range of vision and can be seen from far away.


Message History

Key pressed, stopping explore.
Done exploring.
No target in view!
Done exploring.
No target in view!
Done exploring.
No target in view!
Done exploring.
No target in view!
There is a stone staircase leading down here.
You climb downwards.
There is a stone staircase leading up here.
Jessica the Apprentice Sorceress comes into view.
She is wielding a +0 club.
Jessica shouts!
Jessica is nearby!
You hit Jessica but do no damage. Jessica completely misses you.
Jessica is nearby!
You hit Jessica.
Jessica is lightly wounded.
Jessica barely misses you.
You hit Jessica.
Jessica is heavily wounded.
Jessica gestures at you while chanting. Pain shoots through your body!
Ouch! That really hurt!
Unknown command.
You are too injured to fight recklessly!
You are too injured to fight recklessly!
Unknown command.
Casting: Summon Small Mammal (safe; 2% risk of failure)
Confirm with . or Enter, or press ? or * to list all spells.
Jessica closely misses you.
Casting: Summon Small Mammal (safe; 2% risk of failure)
Confirm with . or Enter, or press ? or * to list all spells.
Jessica casts a spell at you. Pain shoots through your body!
* * * LOW HITPOINT WARNING * * *
Unknown command.
Jessica attacks as she pursues you! Jessica hits you with a +0 club!
You die...

#. #. # ##.. #.
#.. ##.# #..
##...## #.#
#...r@#######.#
##....@....##.#
#.....r.......<#
....###.#####.####
### #.#####.#
#.......#
#########


You could see Jessica (ally target), a friendly quokka (summoned) and a friendly
rat (summoned).

Vanquished Creatures
  A giant cockroach (D:1)
  2 ball pythons (D:1)
  A kobold (D:1)
  2 rats (D:1)
6 creatures vanquished.

Vanquished Creatures (collateral kills)
  A kobold (D:1)
1 creature vanquished.

Grand Total: 7 creatures vanquished

Notes
Turn   | Place    | Note
-------+----------+-------------------------------------------
     0 | D:1      | ChadusMaximus the Barachi Summoner began the quest for the
                  | Orb.
     0 | D:1      | Reached XP level 1. HP: 13/13 MP: 3/3
   472 | D:1      | Reached skill level 5 in Summonings
   578 | D:1      | Reached XP level 2. HP: 19/19 MP: 5/5
   774 | D:2      | Noticed Jessica
   781 | D:2      | Slain by Jessica

Illustrated notes

Levels and vault maps discovered:
D:1:      amcnicky_arrival_gap_in_the_tavern_cellar, layout_basic
D:2:      layout_loops_corners, uniq_jessica

Skill      XL: |  1 |
---------------+----+-----
Summonings     | 5 |  5.1
Dodging        | |  2.2
Stealth        | |  1.8
Spellcasting   | |  2.4

Action                     || total
---------------------------++-------
  Melee: Spear             ||    31
         Unarmed           ||     2
   Cast: Summon Small Mamm ||     6
   Stab: Sleeping          ||     4
 Armour: Robe              ||    17
  Dodge: Dodged            ||    23
